 Dungeon Crawl Stone Soup version 0.30-a0-49-g1cef19eb02 (webtiles) character file.

Game seed: 3242932225477747626

220 LnG the Chopper (level 5, -10/47 HPs)
             Began as a Hill Orc Fighter on Sept 2, 2022.
             Mangled by Edmund
             ... wielding a +2 dire flail of protection
              (11 damage)
             ... on level 4 of the Dungeon.
             The game lasted 00:07:30 (3279 turns).

LnG the Chopper (Hill Orc Fighter)                  Turns: 3279, Time: 00:07:31

Health: -10/47     AC: 10    Str: 21    XL:     5   Next: 97%
Magic:  5/5        EV:  9    Int:  8    God:
Gold:   123        SH:  4    Dex: 10    Spells: 4/4 levels left

rFire   . . .      SeeInvis +    a - +2 war axe
rCold   . . .      Faith    .    c - +0 buckler
rNeg    . . .      Spirit   .    b - +0 scale mail
rPois   +          Reflect  .    k - +0 helmet
rElec   .          Harm     .    j - +0 cloak
rCorr   .          Rampage  .    n - +0 pair of gloves
Will    .....                    (no boots)
Stlth   ..........               (no amulet)
HPRegen 0.15/turn                h - ring of see invisible
MPRegen 0.09/turn                q - ring of poison resistance

@: no status effects
A: no striking features
a: no special abilities


You were on level 4 of the Dungeon.
You visited 1 branch of the dungeon, and saw 4 of its levels.

You collected 123 gold pieces.

Inventory:

Hand Weapons
 a - a +2 war axe (weapon)
Missiles
 f - a throwing net (quivered)
Armour
 b - a +0 scale mail (worn)
 c - a +0 buckler (worn)
 j - a +0 cloak (worn)
 k - a +0 helmet (worn)
 n - a +0 pair of gloves (worn)
Jewellery
 e - a ring of flight
 g - an amulet of the acrobat
 h - a ring of see invisible (left hand)
 q - a ring of poison resistance (right hand)
Scrolls
 o - 3 scrolls of fear
 r - a scroll of poison {unknown}
 u - a scroll of torment {unknown}
 v - 2 scrolls of immolation {unknown}
 x - a scroll of vulnerability {unknown}
Potions
 d - a potion of might
 i - 3 potions of curing {unknown}
 l - 2 potions of lignification {unknown}
 m - a potion of attraction {unknown}
 p - a potion of cancellation {unknown}
 s - a potion of haste {unknown}
 t - a potion of brilliance {unknown}
 w - a potion of invisibility {unknown}


   Skills:
 + Level 4.7 Fighting
 + Level 5.6 Axes
 + Level 0.2 Throwing
 + Level 4.1 Armour
 + Level 0.4 Dodging
 + Level 0.2 Stealth
 + Level 3.8 Shields


You had 4 spell levels left.
You didn't know any spells.
Your spell library contained the following spells:

 Spells                   Type           Power      Damage    Failure   Level
 Magic Dart               Conj           0%         1d3       83%         1
 Searing Ray              Conj           0%         2d4       92%         2
 Conjure Flame            Conj/Fire      0%         6-21      99%         3
 Ignite Poison            Fire/Tmut/Pois 0%         N/A       99%         3
 Fulminant Prism          Conj/Hex       0%         3d6       100%        4
 Sticky Flame             Conj/Fire      0%         2d3       100%        4


Dungeon Overview and Level Annotations

Branches:
Dungeon (4/15)
 Temple: D:4-7

Altars:
Ashenzari
Dithmenos
Fedhas
Hepliaklqana
Okawaru
Qazlal
Ru
Vehumet

Annotations:
D:4 Edmund


Message History

Edmund barely misses you.
You closely miss Edmund.
Edmund hits you with a +2 dire flail of protection!
Edmund misses you.
You barely miss Edmund.
Edmund hits you with a +2 dire flail of protection!
You barely miss Edmund. You block Edmund's attack.
You hit Edmund but do no damage.
Edmund grinds his teeth, and then sighs.
You block Edmund's attack. x2
You hit Edmund.
Edmund is lightly wounded.
Edmund hits you with a +2 dire flail of protection.
You barely miss Edmund.
Edmund is lightly wounded.
You block Edmund's attack.
You barely miss Edmund.
Edmund is lightly wounded.
Edmund hits you with a +2 dire flail of protection.
You are too injured to fight recklessly!
You are too injured to fight recklessly!
You are too injured to fight recklessly!
You are too injured to fight recklessly!
You hit Edmund.
Edmund is lightly wounded.
Edmund hits you with a +2 dire flail of protection!
* * * LOW HITPOINT WARNING * * *
You block Edmund's attack.
You closely miss Edmund.
Edmund is lightly wounded.
Edmund hits you with a +2 dire flail of protection!
* * * LOW HITPOINT WARNING * * *
You hit Edmund but do no damage.
Edmund is lightly wounded.
Edmund hits you with a +2 dire flail of protection.
* * * LOW HITPOINT WARNING * * *
You slash Edmund!
Edmund is moderately wounded.
Edmund hits you with a +2 dire flail of protection!
You die...

#.........#
##'###+##.# #.#
#....# #.# ######
#.# #.# #.#
#######.###########
........)..@@......
........###########
#########


You could see Edmund.

Vanquished Creatures
  An orc priest (D:4)
  An iguana (D:4)
  An orc wizard (D:4)
  6 adders
  5 worms
  A dart slug (D:1)
  4 orcs
  3 endoplasms
  A giant cockroach (D:1)
  5 goblins
  9 hobgoblins
  4 jackals (D:1)
  3 kobolds
  3 quokkas
  4 ball pythons
  7 bats
  5 frilled lizards
  3 rats
66 creatures vanquished.

Vanquished Creatures (others)
  4 plants (D:4)
4 creatures vanquished.

Grand Total: 70 creatures vanquished

Notes
Turn   | Place    | Note
-------+----------+-------------------------------------------
     0 | D:1      | LnG the Hill Orc Fighter began the quest for the Orb.
     0 | D:1      | Reached XP level 1. HP: 19/19 MP: 1/1
   101 | D:1      | Reached XP level 2. HP: 22/27 MP: 2/2
   234 | D:1      | Reached skill level 3 in Axes
   643 | D:1      | Reached XP level 3. HP: 33/33 MP: 3/3
   830 | D:2      | You are sucked into a shaft and drop 1 floor!
  1027 | D:2      | Identified the +0 ring mail of Mumblety Peg {rC+ Str+5
                  | Slay+3}
  1126 | D:2      | Reached skill level 4 in Axes
  1126 | D:2      | Reached XP level 4. HP: 40/40 MP: 4/4
  1785 | D:3      | Found a radiant altar of Vehumet.
  1785 | D:3      | Found a broken altar of Ashenzari.
  1793 | D:3      | Found a hazy altar of Hepliaklqana.
  2147 | D:3      | Found a stormy altar of Qazlal.
  2149 | D:3      | Found a sacrificial altar of Ru.
  2150 | D:3      | Found a blossoming altar of Fedhas.
  2197 | D:3      | Found an iron altar of Okawaru.
  2261 | D:3      | Reached skill level 5 in Axes
  2261 | D:3      | Reached XP level 5. HP: 44/46 MP: 5/5
  3165 | D:4      | Found a shadowy altar of Dithmenos.
  3265 | D:4      | Noticed Edmund
  3278 | D:4      | HP: 1/47 [Edmund/+2 dire flail of protection (3)]
  3279 | D:4      | Mangled by Edmund

Illustrated notes

Levels and vault maps discovered:
D:1:      tarquinn_simple_flora_water_c, layout_rooms, nicolae_titane
D:2:      layout_basic, nicolae_wormholes
D:3:      layout_basic, lemuel_coloured_pillars_altar,
          grunt_temple_overflow_open
D:4:      layout_basic, nicolae_dithmenos_shadow_blocks, serial_bayou_lagoon_b,
          uniq_edmund

Skill      XL: |  1  2  3  4  5 |
---------------+----------------+-----
Axes           | 3 4 5 |  5.6
Fighting       | 4 |  4.7
Armour         | 4 |  4.1
Throwing       | |  0.2
Dodging        | |  0.4
Stealth        | |  0.2
Shields        | |  3.8

Action                   |  1- 3 |  4- 6 || total
-------------------------+-------+-------++-------
Melee: War axe           |    74 |   126 ||   200
Throw: Throwing net      |       |     1 ||     1
  Use: Scroll            |     3 |     1 ||     4
 Stab: Held in net/web   |       |     1 ||     1
Armor: Scale mail        |    35 |    50 ||    85
Dodge: Dodged            |    35 |    40 ||    75
Block: Buckler           |    15 |    33 ||    48

Table legend: (Time is in decaauts)
 A = Elapsed time spent in this place.
 B = Non-inter-level travel time spent in this place.
 C = Inter-level travel time spent in this place.
 D = Time resting spent in this place.
 E = Time spent auto-exploring this place.
 F = Levels seen in this place.
 G = Mean time per level.
                   A        B        C        D        E       F      G
               +--------+--------+--------+--------+--------+-----+--------+
         Total |   3348 |   3269 |     79 |    689 |   1675 |   4 |  837.0 |
       Dungeon |   3348 |   3269 |     79 |    689 |   1675 |   4 |  837.0 |
               +--------+--------+--------+--------+--------+-----+--------+

Top non-repeatable levels by time:
     D:3: 900 daAuts
     D:2: 853 daAuts
     D:4: 848 daAuts
     D:1: 745 daAuts
